SL
HOUSTON 1837 BBC @ TOLEDO TITANS
08/20/2025
 
TOP OF THE 1ST
Houston 1837 BBC batting - Pitching for Toledo Titans : RHP Eddie Kop
Pitching: RHP Eddie Kop
Batting: LHB Mike Hanson 0-0: Ball
1-0: Ball
2-0: Swinging Strike
2-1: Ball
3-1: Base on Balls
Batting: RHB Kumanosuke Abe 0-0: Ball
1-0: Foul Ball, location: 2F
1-1: SINGLE (Flyball, 78S)
Mike Hanson to second
Batting: LHB José Marín 0-0: Foul Ball, location: 2F
0-1: Called Strike
0-2: Ball
1-2: Foul Ball, location: 2F
1-2: Fly out, F7 (Flyball, 78S)
Batting: SHB Jason Alexander 0-0: Ball
1-0: Called Strike
1-1: Ball
2-1: Ball
3-1: SINGLE (Line Drive, 7LS)
Mike Hanson to third
Kumanosuke Abe to second
Runner from 3rd tries for Home, SAFE, no throw
Batting: LHB Alberto Torres 0-0: Ball
1-0: Ground out 5-3 (Groundball, 56S)
Kumanosuke Abe to third
Jason Alexander to second
Batting: LHB Mark McClear 0-0: Ball
1-0: Ball
2-0: Ground out U3 (Groundball, 3)
Top of the 1st over - 1 run(s), 2 hit(s), 0 error(s), 2 left on base; Houston 1 - Toledo 0
BOTTOM OF THE 1ST
Toledo Titans batting - Pitching for Houston 1837 BBC : LHP Edison Larson
Pitching: LHP Edison Larson
Batting: RHB Pil-joong Pak 0-0: Foul Ball, location: 2F
0-1: Ball
1-1: Swinging Strike
1-2: Ground out 6-3 (Groundball, 6)
Batting: RHB Gerald Clark 0-0: Ball
1-0: Fly out, F7 (Line Drive, 78M)
Batting: LHB Yannick Hendriksen 0-0: Called Strike
0-1: Ball
1-1: Ball
2-1: Ground out 1-3 (Groundball, 15S)
Bottom of the 1st over - 0 run(s), 0 hit(s), 0 error(s), 0 left on base; Houston 1 - Toledo 0
TOP OF THE 2ND
Houston 1837 BBC batting - Pitching for Toledo Titans : RHP Eddie Kop
Batting: RHB David Gómez 0-0: Fly out, F6 (Flyball, 6MD)
Batting: LHB Joaquín Rangel 0-0: Ball
1-0: Ball
2-0: Ball
3-0: Base on Balls
Batting: LHB Damian Delaney 0-0: Ball
1-0: Ball
2-0: Ball
3-0: Base on Balls
Joaquín Rangel to second
Batting: LHB Mike Hanson 0-0: Fly out, F4 (Line Drive, 4)
Batting: RHB Kumanosuke Abe 0-0: Ball
1-0: Foul Ball, location: 2F
1-1: Foul Ball, location: 2F
1-2: Ball
Wild Pitch!
Joaquín Rangel to third
Damian Delaney to second
2-2: Fly out, F7 (Flyball, 7)
Top of the 2nd over - 0 run(s), 0 hit(s), 0 error(s), 2 left on base; Houston 1 - Toledo 0
BOTTOM OF THE 2ND
Toledo Titans batting - Pitching for Houston 1837 BBC : LHP Edison Larson
Batting: RHB Enrique Pérez 0-0: Ball
1-0: Called Strike
1-1: Called Strike
1-2: Foul Ball, location: 2F
1-2: Ball
2-2: Ball
3-2: Base on Balls
Batting: LHB Jorge Flores 0-0: Ball
1-0: Called Strike
1-1: Called Strike
1-2: Ball
2-2: Foul Ball, location: 2F
2-2: Strikes out swinging
Batting: RHB Alfredo Martínez 0-0: Ball
1-0: Ball
2-0: DOUBLE (Groundball, 5L)
Enrique Pérez to third
Batting: RHB Kade Knowles 0-0: Swinging Strike
0-1: Swinging Strike
0-2: Ball
Wild Pitch!
Enrique Pérez scores
Alfredo Martínez to third
1-2: Foul Ball, location: 2F
1-2: Ground out 5-3 (Groundball, 56)
Alfredo Martínez scores
Batting: LHB Chris West 0-0: Ball
1-0: Foul Ball, location: 2F
1-1: Ball
2-1: Swinging Strike
2-2: Fly out, F8 (Flyball, 8LS)
Bottom of the 2nd over - 2 run(s), 1 hit(s), 0 error(s), 0 left on base; Houston 1 - Toledo 2
TOP OF THE 3RD
Houston 1837 BBC batting - Pitching for Toledo Titans : RHP Eddie Kop
Batting: LHB José Marín 0-0: Ball
1-0: Ball
2-0: Fly out, F4 (Popup, 34)
Batting: SHB Jason Alexander 0-0: Foul Ball, location: 2F
0-1: Called Strike
0-2: Ball
1-2: Foul Ball, location: 2F
1-2: Foul Ball, location: 2F
1-2: Ball
2-2: Ball
3-2: Strikes out looking
Batting: LHB Alberto Torres 0-0: Called Strike
0-1: Fly out, F8 (Flyball, 8LS)
Top of the 3rd over - 0 run(s), 0 hit(s), 0 error(s), 0 left on base; Houston 1 - Toledo 2
BOTTOM OF THE 3RD
Toledo Titans batting - Pitching for Houston 1837 BBC : LHP Edison Larson
Batting: RHB Mike Burns 0-0: Ball
1-0: Foul Ball, location: 2F
1-1: Swinging Strike
1-2: Ball
2-2: Strikes out swinging
Batting: RHB Pil-joong Pak 0-0: Fly out, F8 (Flyball, 8LM)
Batting: RHB Gerald Clark 0-0: Fly out, F8 (Flyball, 8LM)
Bottom of the 3rd over - 0 run(s), 0 hit(s), 0 error(s), 0 left on base; Houston 1 - Toledo 2
TOP OF THE 4TH
Houston 1837 BBC batting - Pitching for Toledo Titans : RHP Eddie Kop
Batting: LHB Mark McClear 0-0: Fly out, F7 (Flyball, 7LM)
Batting: RHB David Gómez 0-0: Ball
1-0: Ball
2-0: Swinging Strike
2-1: Called Strike
2-2: Strikes out swinging
Batting: LHB Joaquín Rangel 0-0: Called Strike
0-1: Swinging Strike
0-2: Strikes out swinging
Top of the 4th over - 0 run(s), 0 hit(s), 0 error(s), 0 left on base; Houston 1 - Toledo 2
BOTTOM OF THE 4TH
Toledo Titans batting - Pitching for Houston 1837 BBC : LHP Edison Larson
Batting: LHB Yannick Hendriksen 0-0: Ball
1-0: Foul Ball, location: 2F
1-1: Ground out U3 (Groundball, 3L)
Batting: RHB Enrique Pérez 0-0: Ball
1-0: Called Strike
1-1: Ball
2-1: Called Strike
2-2: Ground out 5-3 (Groundball, 5L)
Batting: LHB Jorge Flores 0-0: Called Strike
0-1: Swinging Strike
0-2: Strikes out swinging
Bottom of the 4th over - 0 run(s), 0 hit(s), 0 error(s), 0 left on base; Houston 1 - Toledo 2
TOP OF THE 5TH
Houston 1837 BBC batting - Pitching for Toledo Titans : RHP Eddie Kop
Batting: LHB Damian Delaney 0-0: Foul Ball, location: 2F
0-1: Swinging Strike
0-2: Strikes out looking
Batting: LHB Mike Hanson 0-0: Called Strike
0-1: Called Strike
0-2: Foul Ball, location: 2F
0-2: Foul Ball, location: 2F
0-2: Ball
1-2: Strikes out looking
Batting: RHB Kumanosuke Abe 0-0: Foul Ball, location: 2F
0-1: SINGLE (Groundball, 34D)
Batting: LHB José Marín 0-0: Foul Ball, location: 2F
0-1: Fly out, F3 (Popup, 3L)
Top of the 5th over - 0 run(s), 1 hit(s), 0 error(s), 1 left on base; Houston 1 - Toledo 2
BOTTOM OF THE 5TH
Toledo Titans batting - Pitching for Houston 1837 BBC : LHP Edison Larson
Batting: RHB Alfredo Martínez 0-0: Ball
1-0: Ball
2-0: Foul Ball, location: 2F
2-1: Called Strike
2-2: Ball
3-2: Strikes out swinging
Batting: RHB Kade Knowles 0-0: Ball
1-0: Ball
2-0: Ball
3-0: Called Strike
3-1: Foul Ball, location: 2F
3-2: Foul Ball, location: 2F
3-2: Base on Balls
Batting: LHB Chris West 0-0: Ball
1-0: SINGLE (Line Drive, 9S)
Kade Knowles to second
Batting: RHB Mike Burns 0-0: Foul Ball, location: 2F
0-1: Fielders Choice at 2nd, 6-4 (Groundball, 6)
Kade Knowles to third
Batting: RHB Pil-joong Pak 0-0: Ball
1-0: Called Strike
1-1: Foul Ball, location: 2F
1-2: Ball
2-2: Fly out, F8 (Flyball, 8RS)
Bottom of the 5th over - 0 run(s), 1 hit(s), 0 error(s), 2 left on base; Houston 1 - Toledo 2
TOP OF THE 6TH
Houston 1837 BBC batting - Pitching for Toledo Titans : RHP Eddie Kop
Batting: SHB Jason Alexander 0-0: Called Strike
0-1: Ball
1-1: Called Strike
1-2: Ball
2-2: Ball
3-2: Strikes out swinging
Batting: LHB Alberto Torres 0-0: Foul Ball, location: 2F
0-1: Ground out U3 (Groundball, 34S)
Batting: LHB Mark McClear 0-0: Ball
1-0: Ball
2-0: Foul Ball, location: 2F
2-1: Ground out 6-3 (Groundball, 6)
Top of the 6th over - 0 run(s), 0 hit(s), 0 error(s), 0 left on base; Houston 1 - Toledo 2
BOTTOM OF THE 6TH
Toledo Titans batting - Pitching for Houston 1837 BBC : LHP Edison Larson
Batting: RHB Gerald Clark 0-0: Called Strike
0-1: Ball
1-1: Ground out 5-3 (Groundball, 56)
Batting: LHB Yannick Hendriksen 0-0: Ball
1-0: Ball
2-0: Ground out 4-3 (Groundball, 4)
Batting: RHB Enrique Pérez 0-0: Ball
1-0: Called Strike
1-1: Ground out 5-3 (Groundball, 56S)
Bottom of the 6th over - 0 run(s), 0 hit(s), 0 error(s), 0 left on base; Houston 1 - Toledo 2
TOP OF THE 7TH
Houston 1837 BBC batting - Pitching for Toledo Titans : RHP Eddie Kop
Batting: RHB David Gómez 0-0: Called Strike
0-1: Swinging Strike
0-2: Foul Ball, location: 2F
0-2: Ground out 6-3 (Groundball, 6)
Batting: LHB Joaquín Rangel 0-0: Called Strike
0-1: Ball
1-1: Called Strike
1-2: Strikes out looking
Batting: LHB Damian Delaney 0-0: Called Strike
0-1: Ball
1-1: Ball
2-1: Fly out, F8 (Flyball, 8LM)
Top of the 7th over - 0 run(s), 0 hit(s), 0 error(s), 0 left on base; Houston 1 - Toledo 2
BOTTOM OF THE 7TH
Toledo Titans batting - Pitching for Houston 1837 BBC : LHP Edison Larson
Batting: LHB Jorge Flores 0-0: Foul Ball, location: 2F
0-1: Ball
1-1: Called Strike
1-2: Ball
2-2: Foul Ball, location: 2F
2-2: Fly out, F7 (Flyball, 78M)
Batting: RHB Alfredo Martínez 0-0: Called Strike
0-1: Fly out, F7 (Flyball, 7)
Batting: RHB Kade Knowles 0-0: Ball
1-0: Ground out 6-3 (Groundball, 6)
Bottom of the 7th over - 0 run(s), 0 hit(s), 0 error(s), 0 left on base; Houston 1 - Toledo 2
TOP OF THE 8TH
Houston 1837 BBC batting - Pitching for Toledo Titans : RHP Eddie Kop
Batting: LHB Mike Hanson 0-0: Ball
1-0: Fly out, F8 (Flyball, 8RS)
Batting: RHB Kumanosuke Abe 0-0: Ball
1-0: Ball
2-0: Called Strike
2-1: Foul Ball, location: 2F
2-2: Ball
3-2: Foul Ball, location: 2F
3-2: Base on Balls
Pitching: RHP Ricardo Gómez
Batting: LHB José Marín 0-0: Foul Ball, location: 2F
0-1: Ball
1-1: Ball
2-1: Fly out, F2 (Popup, 2R)
Batting: SHB Jason Alexander 0-0: Ball
1-0: Called Strike
1-1: SINGLE (Groundball, 4MD)
Kumanosuke Abe to second
Pinch Runner at 2nd Eugene Lawrence:
Batting: LHB Alberto Torres 0-0: Ball
1-0: Called Strike
1-1: Foul Ball, location: 2F
1-2: Fly out, F4 (Popup, 34)
Top of the 8th over - 0 run(s), 1 hit(s), 0 error(s), 2 left on base; Houston 1 - Toledo 2
BOTTOM OF THE 8TH
Toledo Titans batting - Pitching for Houston 1837 BBC : LHP Edison Larson
Now at SS: Eugene Lawrence
Batting: LHB Chris West 0-0: Ground out 4-3 (Groundball, 4)
Batting: RHB Mike Burns 0-0: Ball
1-0: Foul Ball, location: 2F
1-1: Ball
2-1: Called Strike
2-2: Ground out 6-3 (Groundball, 6M)
Batting: RHB Pil-joong Pak 0-0: Ball
1-0: Ball
2-0: Foul Ball, location: 2F
2-1: Ball
3-1: Swinging Strike
3-2: SINGLE (Line Drive, 78S)
Pitching: RHP Marvin Martin
Batting: RHB Gerald Clark 0-0: Ball
1-0: Called Strike
1-1: Fielders Choice at 2nd, 4-6 (Groundball, 4)
Bottom of the 8th over - 0 run(s), 1 hit(s), 0 error(s), 0 left on base; Houston 1 - Toledo 2
TOP OF THE 9TH
Houston 1837 BBC batting - Pitching for Toledo Titans : RHP Ricardo Gómez
Pitching: LHP Brandeis Vogt
Batting: LHB Mark McClear 0-0: Called Strike
0-1: SINGLE (Groundball, 4MD)
Batting: RHB David Gómez 0-0: Called Strike
0-1: Sac Bunt - play at first, batter OUT! 5-3
Mark McClear to second
Batting: LHB Joaquín Rangel 0-0: Ball
1-0: Ball
2-0: Ground out 4-3 (Groundball, 4)
Mark McClear to third
Pinch Hitting: SHB Greg Henderson 0-0: Ball
1-0: Ground out 5-3 (Groundball, 5)
Top of the 9th over - 0 run(s), 1 hit(s), 0 error(s), 1 left on base; Houston 1 - Toledo 2
Friday, December 30th, 2016 - OOTP Baseball 17.12 Build 75